[Event "Titled Tuesday Blitz August 17 2021"]
[White "Piliczewski, Bogusz"]
[Black "Quirke, Jeffrey"]
[WhiteFideId "1104144"]
[BlackFideId "2013029"]
[WhiteElo "1896"]
[BlackElo "2223"]
[Result "1/2-1/2"]
[Round "09"]
[TimeControl "180+1"]
[Date "2021.08.18"]
[WhiteClock "0:00:36"]
[BlackClock "0:00:13"]

1. d4 d5 2. Nf3 e6 3. Bf4 Bd6 4. Ne5 f6 5. Nd3 Ne7 6. e3 O-O 7. Be2 Nbc6 8. Bxd6 Qxd6 9. O-O e5 10. c3 e4 11. Nc5 b6 12. Nb3 f5 13. c4 f4 14. cxd5 Nxd5 15. Bc4 Kh8 16. Bxd5 Qxd5 17. Nc3 Qf5 18. d5 Nb4 19. Nd4 Qg6 20. exf4 Nd3 21. f5 Bxf5 22. Nxf5 Qxf5 23. Qe2 Rae8 24. Rae1 Nf4 25. Qe3 Nxd5 26. Nxd5 Qxd5 27. Re2 Qxa2 28. Rfe1 Qd5 29. Qc3 c5 30. Re3 a5 31. f3 Qd4 32. Qxd4 cxd4 33. Rxe4 Rxe4 34. Rxe4 Rd8 35. Re2 Kg8 36. Kf2 Kf7 37. Ke1 Kf6 38. Kd2 b5 39. Re4 g5 40. Kd3 b4 41. Rxd4 Rxd4+ 42. Kxd4 a4 43. Kc4 a3 44. bxa3 bxa3 45. Kb3 Ke5 46. g3 Kd4 47. Kxa3 Ke3 48. h4 gxh4 49. gxh4 Kxf3 50. h5 h6 51. Kb3 Kg4 52. Kc3 Kxh5 53. Kd2 Kg4 54. Ke1 Kg3 55. Kf1 h5 56. Kg1 h4 57. Kh1 h3 58. Kg1 h2+ 59. Kh1 Kh3 1/2-1/2


[Site "https://www.chess.com"]

[Event "Titled Tuesday Blitz August 17 2021"]
[White "Politov, Pavel Y."]
[Black "Mladek, Richard"]
[WhiteFideId "24110515"]
[BlackFideId "386588"]
[WhiteElo "2090"]
[BlackElo "2355"]
[Result "1-0"]
[Round "09"]
[TimeControl "180+1"]
[Date "2021.08.18"]
[WhiteClock "0:00:11"]
[BlackClock "0:00:26"]

1. d4 d5 2. c4 e6 3. Nc3 Be7 4. cxd5 exd5 5. Qc2 c6 6. Bf4 Nf6 7. e3 O-O 8. Bd3 Nbd7 9. Nf3 Re8 10. O-O Nf8 11. Rab1 Nh5 12. Bg3 g6 13. b4 Ne6 14. b5 Bd7 15. bxc6 Bxc6 16. Ne5 Nxg3 17. hxg3 Bf6 18. Nxc6 bxc6 19. Na4 Qa5 20. Rfc1 Rec8 21. Nc5 Nxc5 22. Qxc5 Qxa2 23. Ra1 Qd2 24. Bf1 a5 25. Rcb1 Kg7 26. Rb6 a4 27. Rxc6 Rxc6 28. Qxc6 Ra5 29. Rxa4 h5 30. Rxa5 Qxa5 31. Qc5 Qa2 32. Qc3 Bd8 33. Qd3 Ba5 34. f3 Be1 35. Qe2 Qa1 36. g4 h4 37. e4 Qxd4+ 38. Kh1 Bg3 39. exd5 Qxd5 40. Qc4 Qd1 41. Qc3+ f6 42. Qd3 Qe1 43. Qe2 Qc1 44. Qe7+ Kh6 45. Qe2 Bd6 46. Qd3 Qf4 47. Kg1 Bc5+ 48. Kh1 Qg3 49. Qd2+ g5 50. Qd8 Qd6 51. Qxd6 Kg6 52. Qd5 1-0


[Site "https://www.chess.com"]

[Event "Titled Tuesday Blitz August 17 2021"]
[White "Pourkashiyan, Atousa"]
[Black "Waddingham, Graham A"]
[WhiteFideId "12502014"]
[BlackFideId "400653"]
[WhiteElo "2285"]
[BlackElo "2344"]
[Result "0-1"]
[Round "09"]
[TimeControl "180+1"]
[Date "2021.08.18"]
[WhiteClock "0:00:15"]
[BlackClock "0:00:07"]

1. e4 e5 2. Nf3 Nc6 3. Bb5 Bc5 4. O-O Qf6 5. c3 Nge7 6. d4 exd4 7. Re1 Ne5 8. Nxd4 a6 9. Bf1 d6 10. h3 N7g6 11. Be3 O-O 12. Nd2 Re8 13. Qh5 Nf4 14. Bxf4 Qxf4 15. Re3 g6 16. Qe2 Bd7 17. N2f3 Re7 18. Nxe5 dxe5 19. Rf3 Qh4 20. Nb3 Bb6 21. Qe1 Bc6 22. Bd3 Rd8 23. Bc2 Red7 24. Kh2 a5 25. g3 Qg5 26. Rd1 a4 27. Rxd7 Rxd7 28. Nc1 Qd2 29. Qxd2 Rxd2 30. Bd3 Bxf2 31. Ne2 Bb6 32. Bc4 Be8 33. h4 Rxb2 34. Kh3 h5 35. g4 hxg4+ 36. Kxg4 Kg7 37. h5 Rd2 38. hxg6 fxg6 39. Ng3 c6 40. Ne2 Bd7+ 41. Kg3 Bd8 42. Rf7+ Kh6 43. Rf1 Bg5 44. Rh1+ Kg7 45. Rf1 Bf6 46. Rh1 b5 47. Bg8 Rxe2 48. Kf3 Rc2 49. Rh7+ Kxg8 50. Rxd7 Rxc3+ 51. Ke2 Ra3 52. Rc7 Rxa2+ 53. Kd3 Ra3+ 54. Kc2 Re3 55. Rxc6 Kf7 56. Rc7+ Be7 57. Rb7 b4 58. Ra7 a3 59. Kd2 Rc3 60. Ra4 Rf3 61. Kc2 g5 62. Ra6 g4 63. Kb1 g3 64. Ka2 g2 65. Rc6 g1=Q 66. Rf6+ Rxf6 67. Kb3 Qe3+ 68. Ka4 Qa7+ 69. Kb5 Rb6+ 70. Kc4 Qc7+ 71. Kb3 Qc3+ 72. Ka4 Qc6+ 73. Kb3 Qe6+ 74. Ka4 Ra6+ 75. Kb5 Qc6# 0-1


[Site "https://www.chess.com"]

[Event "Titled Tuesday Blitz August 17 2021"]
[White "Preotu, Razvan"]
[Black "Stribuk, Artiom"]
[WhiteFideId "2613280"]
[BlackFideId "13515659"]
[WhiteElo "2407"]
[BlackElo "2224"]
[Result "1-0"]
[Round "09"]
[TimeControl "180+1"]
[Date "2021.08.17"]
[WhiteClock "0:00:19"]
[BlackClock "0:00:06"]

1. e4 c5 2. Nf3 Nc6 3. Bb5 d6 4. O-O Bd7 5. Re1 Nf6 6. c3 a6 7. Bf1 Bg4 8. h3 Bxf3 9. gxf3 e5 10. f4 Be7 11. d3 O-O 12. Nd2 exf4 13. Nf3 d5 14. Bxf4 dxe4 15. dxe4 Qb6 16. Qb3 Qxb3 17. axb3 Rad8 18. Nd2 Nh5 19. Be3 Ne5 20. Red1 Nd3 21. Nc4 Nhf4 22. Rd2 g5 23. Rad1 b5 24. Bxd3 Nxd3 25. Rxd3 Rxd3 26. Rxd3 bxc4 27. bxc4 Rb8 28. Rd2 f6 29. Kf1 Kf7 30. Ke2 Ke6 31. f3 h5 32. Kd1 Rf8 33. Rd5 f5 34. Bxc5 fxe4 35. Bxe7 Kxe7 36. fxe4 g4 37. Rxh5 gxh3 38. Rxh3 Rf2 39. Kc1 Kd6 40. Rh6+ Kc5 41. Rxa6 Kxc4 42. e5 Re2 43. e6 Kb3 44. Rb6+ Ka2 45. c4 Re5 46. Kc2 Re2+ 47. Kc3 Re3+ 48. Kd4 1-0


[Site "https://www.chess.com"]

[Event "Titled Tuesday Blitz August 17 2021"]
[White "Primbetov, Kazbek"]
[Black "Dev, Shah"]
[WhiteFideId "13702297"]
[BlackFideId "35019058"]
[WhiteElo "2184"]
[BlackElo "2098"]
[Result "1-0"]
[Round "09"]
[TimeControl "180+1"]
[Date "2021.08.17"]
[WhiteClock "0:00:07"]
[BlackClock "0:00:09"]

1. d4 d5 2. Bf4 Nf6 3. e3 e6 4. c3 c5 5. Nd2 Bd6 6. Bxd6 Qxd6 7. f4 Nbd7 8. Ngf3 b6 9. Bd3 Bb7 10. O-O Ne4 11. Qc2 f5 12. Ne5 Ndf6 13. Nxe4 dxe4 14. Bb5+ Kf8 15. Rfd1 Rc8 16. Qe2 Nd5 17. dxc5 bxc5 18. c4 g6 19. cxd5 exd5 20. Rd2 Kg7 21. Rad1 Rhd8 22. Bc4 Qe6 23. Qf2 Rd6 24. Bb3 Rcd8 25. Rc1 Qc8 26. Rdc2 c4 27. Rc3 Ba6 28. Ba4 Qb7 29. Rd1 Qb6 30. Rd4 Qb4 31. Qc2 g5 32. Nc6 Rxc6 33. Bxc6 gxf4 34. Rxd5 Rxd5 35. Bxd5 Qc5 36. Qf2 Qxd5 37. Qxf4 Qd1+ 38. Qf1 Qd2 39. Qc1 Qe2 40. Rc2 Qg4 41. Qe1 f4 42. exf4 Qf5 43. Qe3 Qd5 44. Rd2 Qe6 45. Qd4+ Kg6 46. Qe5 Qb6+ 47. Qd4 Qb4 48. Qd6+ Qxd6 49. Rxd6+ Kf5 50. Rxa6 e3 51. Kf1 Ke4 52. Ke2 1-0


[Site "https://www.chess.com"]

[Event "Titled Tuesday Blitz August 17 2021"]
[White "Przybylski, Wojciech"]
[Black "Gelman, Alexander"]
[WhiteFideId "1117599"]
[BlackFideId "4118316"]
[WhiteElo "2250"]
[BlackElo "2375"]
[Result "1-0"]
[Round "09"]
[TimeControl "180+1"]
[Date "2021.08.17"]
[WhiteClock "0:00:04"]
[BlackClock "0:00:01"]

1. e4 c5 2. Nf3 e6 3. c4 d6 4. Nc3 a6 5. d3 Nc6 6. Be2 Nf6 7. O-O Be7 8. Be3 O-O 9. Nd2 Rb8 10. f4 b5 11. b3 Nd7 12. Rc1 Bf6 13. e5 dxe5 14. Nce4 Be7 15. Nf3 exf4 16. Bxf4 Rb6 17. cxb5 axb5 18. Be3 Nb4 19. d4 Nd5 20. Bf2 cxd4 21. Bxd4 Bb7 22. Kh1 Ra6 23. a4 bxa4 24. Bxa6 Bxa6 25. Rf2 a3 26. Nc5 Nxc5 27. Bxc5 Bxc5 28. Rxc5 Qb6 29. Qd4 Qxb3 30. h3 a2 31. Ra5 Bc4 32. Kh2 Qb8+ 33. Qe5 Qb6 34. Rfxa2 Bxa2 35. Rxa2 Qc7 36. Qxc7 Nxc7 37. Ra7 Nd5 38. Ne5 g6 39. h4 h5 40. Kg3 Ne3 41. Kf4 Nf5 42. g3 Kg7 43. Nd7 Rd8 44. Ne5 Nd6 45. Kf3 Rb8 46. Nc6 Rb7 47. Ra8 Nf5 48. Ne5 Rb3+ 49. Kf4 Rb4+ 50. Kf3 Nd4+ 51. Kg2 Nf5 52. Ra7 Nh6 53. Nd7 Rb2+ 54. Kf3 Rb3+ 55. Kf2 Nf5 56. Ne5 Nd6 57. Nc6 Ne4+ 58. Ke1 Nxg3 59. Nd8 Rf3 60. Nxe6+ Kh6 61. Ng5 Rf1+ 62. Kd2 Rf5 63. Nxf7+ Kg7 64. Ng5+ Kf6 65. Rf7+ Ke5 66. Rg7 Rf2+ 67. Ke3 Rf6 68. Re7+ Kf5 69. Ra7 Kg4 70. Ra4+ Kf5 71. Nf3 1-0


[Site "https://www.chess.com"]

[Event "Titled Tuesday Blitz August 17 2021"]
[White "Quintiliano Pinto, Renato R."]
[Black "Bacrot, Etienne"]
[WhiteFideId "2117568"]
[BlackFideId "605506"]
[WhiteElo "2439"]
[BlackElo "2673"]
[Result "1/2-1/2"]
[Round "09"]
[TimeControl "180+1"]
[Date "2021.08.17"]
[WhiteClock "0:00:11"]
[BlackClock "0:01:09"]

1. d4 Nf6 2. c4 e6 3. Nf3 d5 4. Nc3 Bb4 5. Bg5 h6 6. Bxf6 Qxf6 7. Qa4+ Nc6 8. e3 O-O 9. Rc1 Qd8 10. a3 Be7 11. Be2 a6 12. O-O Bf6 13. Rfd1 Bd7 14. Qc2 dxc4 15. Bxc4 Ne7 16. Ne4 Ng6 17. Bd3 Bc6 18. Nxf6+ Qxf6 19. Bxg6 Bxf3 20. Bh7+ Kh8 21. gxf3 g6 22. Qe4 c6 23. Bxg6 Rg8 24. Kh1 Rxg6 25. Rg1 Rag8 26. Rxg6 Rxg6 27. Rg1 Rxg1+ 28. Kxg1 Qg5+ 29. Kh1 Qb5 30. Kg2 Qxb2 31. Qe5+ Kg8 32. Qg3+ Kh7 33. Qf4 Kg7 34. Qg3+ Kf8 35. Qb8+ Ke7 36. Qc7+ Kf6 37. Qf4+ Kg6 38. Qg3+ Kh7 39. Qf4 f5 40. Qc7+ Kg6 41. Qg3+ Kf7 42. Qc7+ Kg6 43. Qg3+ Kf7 44. Qc7+ Kg6 1/2-1/2


[Site "https://www.chess.com"]

[Event "Titled Tuesday Blitz August 17 2021"]
[White "Rakhmanov, Aleksandr"]
[Black "Le, Tuan Minh"]
[WhiteFideId "4173708"]
[BlackFideId "12401153"]
[WhiteElo "2498"]
[BlackElo "2450"]
[Result "1-0"]
[Round "09"]
[TimeControl "180+1"]
[Date "2021.08.17"]
[WhiteClock "0:00:12"]
[BlackClock "0:00:11"]

1. c4 c6 2. d4 d5 3. Nf3 Nf6 4. cxd5 cxd5 5. Nc3 Nc6 6. Bf4 a6 7. Ne5 Qb6 8. Nxc6 Qxc6 9. Rc1 Bd7 10. e3 Qb6 11. Bd3 e6 12. O-O Be7 13. Na4 Qa5 14. Nc5 Bc6 15. a3 Bxc5 16. Rxc5 Qd8 17. Qb3 Nd7 18. Rc3 O-O 19. Rfc1 h6 20. Qd1 Nb6 21. b3 Qe7 22. a4 Rfc8 23. Qg4 Qf6 24. h4 Nd7 25. b4 Nf8 26. Be5 h5 27. Qxh5 Qe7 28. b5 axb5 29. axb5 Bd7 30. Rxc8 Rxc8 31. Rxc8 Bxc8 32. Qg4 f6 33. Bb8 Bd7 34. Qg3 Qa3 35. Be2 Qb2 36. Bh5 Qxb5 37. Bd6 Qb1+ 38. Kh2 Qb6 39. Bxf8 Kxf8 40. Qb8+ Ke7 41. Qg8 Qc7+ 42. f4 Qc1 43. Qxg7+ Kd6 44. Qxf6 b5 45. Bg6 Kc6 46. h5 1-0


[Site "https://www.chess.com"]

[Event "Titled Tuesday Blitz August 17 2021"]
[White "Real De Azua, Ernesto"]
[Black "Mogirzan, Matei-Valeriu"]
[WhiteFideId "108154"]
[BlackFideId "1257455"]
[WhiteElo "2476"]
[BlackElo "1733"]
[Result "1-0"]
[Round "09"]
[TimeControl "180+1"]
[Date "2021.08.17"]
[WhiteClock "0:00:19"]
[BlackClock "0:00:18"]

1. d4 c5 2. d5 Nf6 3. Nc3 d6 4. e4 g6 5. Nf3 Bg7 6. Bb5+ Bd7 7. a4 a6 8. Be2 O-O 9. h3 e5 10. Nd2 Ne8 11. Nc4 f5 12. a5 Nf6 13. Nxd6 fxe4 14. Ndxe4 Nxe4 15. Nxe4 Qh4 16. Bg4 Bf5 17. Bg5 Bxg4 18. Qxg4 Qxg4 19. hxg4 Nd7 20. c4 Nf6 21. Bxf6 Bxf6 22. Ke2 Bg7 23. f3 Rab8 24. Ra3 b5 25. axb6 Rxb6 26. b3 a5 27. Nxc5 e4 28. Nxe4 Bb2 29. Rxa5 Rxb3 30. Ra7 Bg7 31. Rd1 Rfb8 32. d6 Rb2+ 33. Rd2 Rxd2+ 34. Kxd2 Bd4 35. Rc7 Be5 36. c5 Rd8 37. Kd3 g5 38. Kc4 h5 39. gxh5 g4 40. fxg4 Bg7 41. Kd5 Kh7 42. c6 Kh6 43. Rxg7 Re8 44. Rg6+ Kh7 45. Nf6+ Kh8 46. Nxe8 Kh7 47. Nf6+ Kh8 48. Rg8# 1-0


[Site "https://www.chess.com"]

[Event "Titled Tuesday Blitz August 17 2021"]
[White "Rodchenkov, Vitaly"]
[Black "Dronavalli, Harika"]
[WhiteFideId "4152964"]
[BlackFideId "5015197"]
[WhiteElo "2337"]
[BlackElo "2422"]
[Result "1/2-1/2"]
[Round "09"]
[TimeControl "180+1"]
[Date "2021.08.17"]
[WhiteClock "0:00:04"]
[BlackClock "0:00:14"]

1. e4 c5 2. Nf3 d6 3. d4 cxd4 4. Nxd4 Nf6 5. Nc3 g6 6. Be2 Bg7 7. O-O O-O 8. Re1 Nc6 9. Nb3 Be6 10. Bg5 a6 11. Qd2 Re8 12. Rad1 Rc8 13. h3 b5 14. Bf1 Ne5 15. Nd5 Bxd5 16. exd5 Qc7 17. c3 Nfd7 18. Nd4 Nb6 19. f4 Nec4 20. Bxc4 Nxc4 21. Qf2 Qb7 22. Nc6 e6 23. b3 Nb6 24. Nd8 Rcxd8 25. Bxd8 Nxd5 26. Ba5 Qc6 27. Kh1 Rc8 28. Rc1 Bxc3 29. Bxc3 Nxc3 30. Qd4 a5 31. b4 axb4 32. Qxb4 Qc5 33. Qb3 d5 34. Rc2 d4 35. Rb2 Qc4 36. Rd2 Qc5 37. a3 Rd8 38. Qb4 Qxb4 39. axb4 Kg7 40. g3 Kf6 41. Kg2 h5 42. Kf3 Rd5 43. Ra1 Kg7 44. Ra7 Na4 45. Rb7 Nc3 46. g4 hxg4+ 47. hxg4 Na4 48. Ke4 Nc3+ 49. Kf3 g5 50. fxg5 e5 51. Rd1 Kg6 52. Rh1 e4+ 53. Kf4 e3 54. Rh6+ Kg7 55. Rf6 e2 56. Rbxf7+ Kg8 57. Rf8+ Kg7 58. R6f7+ Kg6 59. Rf6+ Kg7 60. R8f7+ Kg8 61. Rf8+ Kg7 1/2-1/2


[Site "https://www.chess.com"]

[Event "Titled Tuesday Blitz August 17 2021"]
[White "Rodriguez Hernandez, Luis Daniel"]
[Black "Thing, Bibek"]
[WhiteFideId "3506770"]
[BlackFideId "12303135"]
[WhiteElo "2133"]
[BlackElo "2000"]
[Result "1-0"]
[Round "09"]
[TimeControl "180+1"]
[Date "2021.08.17"]
[WhiteClock "0:00:14"]
[BlackClock "0:00:02"]

1. e4 e5 2. Nf3 Nc6 3. Bc4 Bc5 4. b4 Bxb4 5. c3 Be7 6. d4 Na5 7. Be2 exd4 8. Qxd4 Nf6 9. e5 Nc6 10. Qh4 Nd5 11. Qg3 g6 12. O-O d6 13. Rd1 Nb6 14. c4 Nd7 15. Bh6 Ndxe5 16. Nxe5 Nxe5 17. Bg7 Bf6 18. Bxh8 Bxh8 19. Nc3 Kf8 20. c5 Be6 21. cxd6 cxd6 22. Ne4 d5 23. Ng5 Kg8 24. Rab1 b6 25. Re1 Rc8 26. Ba6 Bf5 27. Rbd1 Rc5 28. h4 Nd7 29. Qd6 h6 30. Nf3 Be6 31. Bd3 Qc7 32. Qxc7 Rxc7 33. Bxg6 Bf6 34. Bh5 Nc5 35. g3 a5 36. Nd4 Bxd4 37. Rxd4 Ne4 38. Bf3 Nf6 39. g4 Rc2 40. g5 hxg5 41. hxg5 Nh7 42. Bxd5 Nxg5 43. Re5 f6 44. Bxe6+ Kg7 45. Rd7+ Kg6 46. Bf5+ Kh5 47. Bxc2 fxe5 48. Rb7 b5 49. Rxb5 1-0


[Site "https://www.chess.com"]

[Event "Titled Tuesday Blitz August 17 2021"]
[White "Rosenberg, Evan S"]
[Black "McBryde, Lamel"]
[WhiteFideId "2019299"]
[BlackFideId "2058596"]
[WhiteElo "2278"]
[BlackElo "2136"]
[Result "0-1"]
[Round "09"]
[TimeControl "180+1"]
[Date "2021.08.18"]
[WhiteClock "0:00:11"]
[BlackClock "0:00:12"]

1. Nf3 Nf6 2. c4 e6 3. Nc3 d5 4. d4 c6 5. Bg5 Be7 6. e3 Nbd7 7. Qc2 Ne4 8. Bxe7 Qxe7 9. Nxe4 dxe4 10. Nd2 f5 11. Be2 c5 12. O-O cxd4 13. exd4 O-O 14. Rae1 Qf6 15. Qc3 Qh6 16. c5 Nf6 17. Nc4 Nd5 18. Qb3 f4 19. Bg4 Qg6 20. Ne5 Qg5 21. Rxe4 h5 22. Bh3 Qf6 23. Rfe1 g5 24. g3 g4 25. Nxg4 hxg4 26. Bxg4 fxg3 27. Qxg3 Qg7 28. Bxe6+ Bxe6 29. Qxg7+ Kxg7 30. Rxe6 Rf7 31. R1e5 Nf4 32. Re7 Rf8 33. Rxf7+ Rxf7 34. Rg5+ Kh6 35. Rg4 Nh3+ 36. Kg2 Nxf2 37. Rg3 Ne4 38. Rh3+ Kg5 39. Re3 Nf6 40. Re5+ Kg6 41. b4 Rd7 42. d5 Nxd5 43. a3 Nf6 44. Re6 Kf7 45. Re1 Rd2+ 46. Kg3 Rd3+ 47. Kf4 Rxa3 48. Ke5 Rb3 49. Rf1 Re3+ 50. Kd4 Re2 51. Rh1 Re4+ 52. Kd3 Rxb4 53. h4 Rb5 54. Kc4 Ra5 55. Rf1 Kg7 56. Rg1+ Kh7 57. Kb4 Ra6 58. Rf1 Rc6 59. Rf5 Kg6 60. Re5 Kf7 61. h5 Nd7 62. Rf5+ Kg7 63. Rg5+ Kh6 64. Rd5 Nxc5 65. Rxc5 Rxc5 66. Kxc5 Kxh5 67. Kb5 Kg4 68. Ka5 Kf5 69. Kb5 Ke6 70. Ka5 Kd6 71. Kb5 Kc7 72. Ka5 Kc6 73. Ka4 b6 74. Kb4 a5+ 75. Ka4 Kc5 76. Ka3 b5 77. Kb3 b4 78. Ka4 Kc4 79. Kxa5 b3 80. Ka4 b2 81. Ka3 b1=Q 82. Ka4 Qb4# 0-1


[Site "https://www.chess.com"]

[Event "Titled Tuesday Blitz August 17 2021"]
[White "Rozhkov, Viacheslav"]
[Black "Vlassov, Nikolai"]
[WhiteFideId "4181484"]
[BlackFideId "4103360"]
[WhiteElo "2324"]
[BlackElo "2407"]
[Result "0-1"]
[Round "09"]
[TimeControl "180+1"]
[Date "2021.08.17"]
[WhiteClock "0:00:04"]
[BlackClock "0:01:34"]

1. e4 Nc6 2. Bb5 Nf6 3. Bxc6 dxc6 4. e5 Nd5 5. d4 Bf5 6. Nf3 e6 7. O-O Nb4 8. Ne1 c5 9. c3 Nc6 10. Be3 Qd7 11. a3 O-O-O 12. Qa4 cxd4 13. cxd4 Kb8 14. Nc3 Nxd4 15. Qxd7 Rxd7 16. Rd1 Ne2+ 17. Kh1 Rxd1 18. Nxd1 Be7 19. Nf3 Rd8 20. Re1 Bc2 21. Nd2 Nd4 22. Nc3 Nf5 23. g3 Nxe3 0-1


[Site "https://www.chess.com"]

[Event "Titled Tuesday Blitz August 17 2021"]
[White "Santos Flores, Alberto"]
[Black "Leve, Nitai"]
[WhiteFideId "3601234"]
[BlackFideId "2006898"]
[WhiteElo "2293"]
[BlackElo "2144"]
[Result "1-0"]
[Round "09"]
[TimeControl "180+1"]
[Date "2021.08.18"]
[WhiteClock "0:00:15"]
[BlackClock "0:00:02"]

1. e4 c6 2. d4 d5 3. Nc3 dxe4 4. Nxe4 Nf6 5. Nxf6+ gxf6 6. Bc4 Rg8 7. Ne2 e5 8. Ng3 Qxd4 9. Qxd4 exd4 10. Bf4 Bb4+ 11. Bd2 a5 12. O-O-O Nd7 13. Rhe1+ Kd8 14. Bxb4 axb4 15. Rxd4 c5 16. Rd2 Kc7 17. Re7 Kc6 18. Nf5 Rxg2 19. Rd6+ Kc7 20. Bb5 Rxf2 21. Bxd7 Rxf5 22. Bxf5+ Kxd6 23. Re8 Kc7 24. Rf8 Rb8 25. Rxf7+ Kb6 26. Rxf6+ Ka7 27. Bxh7 Bd7 28. Be4 Re8 29. Bf3 Rh8 30. Rf7 Bc8 31. Rc7 Kb6 32. Rg7 Rxh2 33. Be4 c4 34. Rg1 Bd7 35. Rd1 Ba4 36. b3 Bb5 37. Bd5 c3 38. Be4 Kc7 39. Kb1 Be8 40. Bd3 Bh5 41. Re1 Rd2 42. a3 bxa3 43. Ka2 Bd1 44. Kxa3 Bxc2 45. Bxc2 Rxc2 46. Kb4 1-0


[Site "https://www.chess.com"]

[Event "Titled Tuesday Blitz August 17 2021"]
[White "Sapunov, Evgeny"]
[Black "Koellner, Ruben Gideon"]
[WhiteFideId "4126661"]
[BlackFideId "12993093"]
[WhiteElo "2470"]
[BlackElo "2540"]
[Result "1-0"]
[Round "09"]
[TimeControl "180+1"]
[Date "2021.08.17"]
[WhiteClock "0:00:19"]
[BlackClock "0:00:03"]

1. c4 e6 2. Nf3 d5 3. d4 Nf6 4. Nc3 Be7 5. Bg5 h6 6. Bh4 dxc4 7. e3 c5 8. Bxc4 cxd4 9. Nxd4 a6 10. Be2 O-O 11. O-O b5 12. Bf3 Ra7 13. Qe2 Bb7 14. Rfd1 Bxf3 15. Qxf3 Rd7 16. h3 Qb6 17. a4 b4 18. a5 Qb7 19. Qxb7 Rxb7 20. Na4 Rd8 21. Rdc1 Nbd7 22. Nc6 Re8 23. f3 Bf8 24. e4 Rb5 25. Bf2 Kh7 26. Nb6 Nc5 27. Rc2 Nb3 28. Ra4 Nh5 29. g3 f5 30. e5 g5 31. Kf1 f4 32. g4 Ng3+ 33. Ke1 Bc5 34. Bxc5 Nxc5 35. Rd2 Nxa4 36. Rd7+ Kh8 37. Nxa4 Rd5 38. Rxd5 exd5 39. Nc5 Rc8 40. Nxa6 Rxc6 41. Nxb4 Rc1+ 42. Kd2 Ra1 43. a6 Nf1+ 44. Kd3 Ne3 45. Kd4 Kg7 46. Kc5 Kf7 47. Kc6 Ke6 48. Kb7 Nc4 49. a7 Nxb2 50. Na6 Na4 51. a8=Q Kxe5 52. Qh8+ 1-0


[Site "https://www.chess.com"]

[Event "Titled Tuesday Blitz August 17 2021"]
[White "Sarana, Alexey"]
[Black "Indjic, Aleksandar"]
[WhiteFideId "24133795"]
[BlackFideId "911925"]
[WhiteElo "2646"]
[BlackElo "2643"]
[Result "1-0"]
[Round "09"]
[TimeControl "180+1"]
[Date "2021.08.17"]
[WhiteClock "0:01:00"]
[BlackClock "0:00:02"]

1. d4 Nf6 2. Nf3 e6 3. c4 c5 4. d5 d6 5. Nc3 exd5 6. cxd5 g6 7. h3 a6 8. e4 b5 9. Bd3 Bg7 10. Bf4 O-O 11. O-O Re8 12. Re1 Ra7 13. Rc1 Rae7 14. Nd2 Qb6 15. a4 c4 16. axb5 cxd3 17. Nc4 Qd4 18. Nxd6 Nh5 19. Be3 Qe5 20. Nxe8 Rxe8 21. Qxd3 axb5 22. Qxb5 Bd7 23. Qd3 Nf4 24. Bxf4 Qxf4 25. g3 Qg5 26. h4 Qh5 27. f4 Bc8 28. e5 Ba6 29. Qe3 Nd7 30. Ne4 h6 31. Rc7 Nf8 32. Qa7 Bxe5 33. fxe5 Qxe5 34. Rxf7 Kh8 35. Qxa6 Qd4+ 36. Rf2 Nh7 37. Qxg6 1-0


[Site "https://www.chess.com"]

[Event "Titled Tuesday Blitz August 17 2021"]
[White "Sengupta, Deep"]
[Black "Bodnar, Nikolay"]
[WhiteFideId "5008352"]
[BlackFideId "14106469"]
[WhiteElo "2347"]
[BlackElo "2296"]
[Result "0-1"]
[Round "09"]
[TimeControl "180+1"]
[Date "2021.08.17"]
[WhiteClock "0:00:27"]
[BlackClock "0:01:28"]

1. e4 c5 2. Nf3 d6 3. d4 cxd4 4. Qxd4 Nc6 5. Bb5 Bd7 6. Bxc6 Bxc6 7. Nc3 Nf6 8. Bg5 e6 9. O-O-O Be7 10. Qd3 h6 11. Bf4 e5 12. Be3 Qa5 13. Nd2 b5 14. Nb3 Qb4 15. f3 a5 16. a3 Qc4 17. Qxc4 bxc4 18. Nd2 d5 19. exd5 Nxd5 20. Nxd5 Bxd5 21. Nb1 O-O-O 22. Nc3 Be6 23. Kb1 Kb7 24. Ne4 Kc6 25. Bd2 f5 26. Ng3 Rd5 27. Bc3 Rhd8 28. Rxd5 Rxd5 29. Re1 Bf6 30. Nh5 a4 31. Nxf6 gxf6 32. f4 e4 33. Kc1 Bf7 34. Bxf6 Bh5 35. Be5 e3 36. b3 e2 37. Kb2 axb3 38. cxb3 Rd2+ 39. Kc3 Rd1 0-1


[Site "https://www.chess.com"]

[Event "Titled Tuesday Blitz August 17 2021"]
[White "Seo, Jung Min"]
[Black "Zarubitski, Viachaslau"]
[WhiteFideId "1734687"]
[BlackFideId "13509373"]
[WhiteElo "2738"]
[BlackElo "2592"]
[Result "1-0"]
[Round "09"]
[TimeControl "180+1"]
[Date "2021.08.17"]
[WhiteClock "0:00:04"]
[BlackClock "0:00:03"]

1. e4 e5 2. Nf3 Nf6 3. Nxe5 d6 4. Nf3 Nxe4 5. Nc3 Nf6 6. d4 Bg4 7. Qe2+ Be7 8. Qb5+ Nc6 9. d5 Bxf3 10. gxf3 a6 11. Qa4 b5 12. Bxb5 axb5 13. Qxb5 O-O 14. Qxc6 Qb8 15. O-O Ra5 16. Qc4 Nd7 17. f4 Nb6 18. Qd3 Bf6 19. Ne4 Rxd5 20. Nxf6+ gxf6 21. Qf3 Kh8 22. Kh1 Qc8 23. Be3 Qf5 24. Rad1 Rxd1 25. Rxd1 Nc4 26. Bd4 d5 27. Qc3 h6 28. Rg1 Kh7 29. Bxf6 Rg8 30. Rxg8 Kxg8 31. Qg3+ Kf8 32. Qg7+ Ke8 33. Qg8+ Kd7 34. Qxf7+ Kc6 35. Qe8+ Kb7 36. Bd4 Qxf4 37. Qb5+ Nb6 38. Qd3 Nc4 39. b3 Qc1+ 40. Kg2 Qg5+ 41. Qg3 Nd6 42. Qxg5 hxg5 43. Be3 g4 44. Kg3 d4 45. Bc1 Ne4+ 46. Kxg4 Nxf2+ 47. Kf3 Nd1 48. h4 Kc6 49. h5 Kd6 50. h6 1-0


[Site "https://www.chess.com"]

[Event "Titled Tuesday Blitz August 17 2021"]
[White "Seul, Georg"]
[Black "Seletsky, Grigory"]
[WhiteFideId "4601653"]
[BlackFideId "14112191"]
[WhiteElo "2332"]
[BlackElo "2492"]
[Result "1-0"]
[Round "09"]
[TimeControl "180+1"]
[Date "2021.08.17"]
[WhiteClock "0:00:55"]
[BlackClock "0:01:49"]

1. e4 c6 2. d4 d5 3. exd5 cxd5 4. Bd3 Nc6 5. c3 Nf6 6. Bf4 Bg4 7. Qb3 Qc8 8. Nd2 e6 9. Ngf3 Bxf3 10. Nxf3 Be7 11. O-O O-O 12. Qd1 a6 13. a4 Re8 14. Qe2 g6 15. h4 Bf8 16. Ne5 Bg7 17. Bh2 Nxe5 18. Bxe5 Qd8 19. Rae1 h5 20. f3 Nd7 21. Bxg7 Kxg7 22. Qf2 Qc7 23. f4 Nf6 24. Qf3 Rab8 25. Re5 b5 26. axb5 axb5 27. f5 exf5 28. Rxf5 gxf5 29. Qxf5 Qg3 30. Qxf6+ 1-0


[Site "https://www.chess.com"]

[Event "Titled Tuesday Blitz August 17 2021"]
[White "Shimanov, Aleksandr"]
[Black "Chigaev, Maksim"]
[WhiteFideId "4198603"]
[BlackFideId "4108116"]
[WhiteElo "2596"]
[BlackElo "2579"]
[Result "1-0"]
[Round "09"]
[TimeControl "180+1"]
[Date "2021.08.17"]
[WhiteClock "0:00:12"]
[BlackClock "0:00:02"]

1. b3 g6 2. Bb2 Nf6 3. g3 d5 4. Bg2 c5 5. c4 d4 6. b4 Bg7 7. bxc5 O-O 8. d3 Nfd7 9. Ba3 Nxc5 10. Bxc5 Qa5+ 11. Nd2 Qxc5 12. Ngf3 Nc6 13. O-O e5 14. Qb3 Rb8 15. a4 Bd7 16. Rfb1 h6 17. Ne4 Qe7 18. Qa3 Qxa3 19. Rxa3 Rfd8 20. Nc5 b6 21. Nxd7 Rxd7 22. a5 Bf8 23. Raa1 Bc5 24. axb6 axb6 25. Nd2 Rc7 26. Ne4 Kg7 27. Rb5 Nd8 28. Rab1 Ne6 29. Ra1 f5 30. Nd2 h5 31. Nb3 h4 32. Bd5 Nf8 33. Nxc5 Rxc5 34. Ra7+ Kh6 35. gxh4 Rxb5 36. cxb5 Nh7 37. Rf7 Rd8 38. Bc4 Rd6 39. Re7 Nf6 40. Rxe5 Nh5 41. e3 dxe3 42. fxe3 f4 43. Kf2 fxe3+ 44. Kxe3 Nf6 45. Re6 Ng4+ 46. Kf4 Rd4+ 47. Re4 Rxe4+ 48. dxe4 Nf2 49. e5 Kg7 50. Be2 Kf7 51. h5 gxh5 52. Bxh5+ Ke7 53. Be2 Nh3+ 54. Kf5 Kf7 55. Bg4 Ke7 1-0


[Site "https://www.chess.com"]

[Event "Titled Tuesday Blitz August 17 2021"]
[White "Shimelkov, Vasiliy"]
[Black "Siva Mahadevan"]
[WhiteFideId "13701630"]
[BlackFideId "25043153"]
[WhiteElo "2073"]
[BlackElo "2203"]
[Result "0-1"]
[Round "09"]
[TimeControl "180+1"]
[Date "2021.08.17"]
[WhiteClock "0:00:10"]
[BlackClock "0:00:09"]

1. d4 Nf6 2. Nf3 c5 3. d5 e6 4. c4 exd5 5. cxd5 d6 6. Nc3 g6 7. h3 Bg7 8. e4 O-O 9. Bd3 a6 10. a4 Nbd7 11. O-O Re8 12. Bf4 Qc7 13. Nd2 Ne5 14. Bxe5 Rxe5 15. Nc4 Re8 16. a5 Bd7 17. Nb6 Rad8 18. Rc1 Nh5 19. b4 Nf4 20. Ne2 Nxd3 21. Qxd3 Bb5 22. Qf3 f5 23. Rfe1 Rxe4 24. bxc5 dxc5 25. Nc3 Rf4 26. Qg3 Bd4 27. Rc2 Be5 28. Qg5 Bd3 29. Rcc1 Rf8 30. g3 Rb4 31. d6 Qxd6 32. Ncd5 Rb2 33. Rcd1 c4 34. Nxc4 Qxd5 35. Nxe5 Rb3 36. Qd2 Rd8 37. Re3 Be4 38. Qxd5+ Rxd5 39. Rxd5 Rb1+ 0-1


[Site "https://www.chess.com"]